cohdb
Replays
Latest Replays
All Replays
Popular Replays
Top Player Replays
Match Explorer
How It Works
Community
CoH3 Stats
Reddit
Sign in to upload your games and track your stats! →
Sign in with Steam
Match 42453960
Unlisted
Match 42453960
Overview
Messages
Build Orders
End
Panzerpioneer Squad
Panzerpioneer Squad
250 Light Carrier
250 Light Carrier
Construct Light Support Kompanie
Combat Half-tracks
Panzerpioneer Squad
Panzerjäger Squad
2.5-tonne Medical Truck
Selects Panzerjäger Kommand Battlegroup
Selects Tank Busters
Panzerjäger Mechanized Group
2.5-tonne Medical Truck
Panzerjäger Squad
2.5-tonne Medical Truck
Construct Mechanized Kompanie
254 Reconnaissance Tractor
Panzerjäger Mechanized Group
Construct Panzerarmee Kommand
Veteran Squad Leaders
Rapid Advance
Emergency Repair Kits
Panzer III L Medium Tank
254 Reconnaissance Tractor
Panzerpioneer Squad
Panzerjäger Mechanized Group
Selects Crew Shock Tactics
Selects Anti-tank Overwatch
Selects Crew Shock Tactics
Selects Elefant Tank Destroyer
8jok
大炮一响黄金万两
Moltke1871
Frenzy
Scooby
한글
Hodolf
撸啊撸么么叁
0
0
Comments
sign in to comment!
No comments posted yet!